 Dungeon Crawl Stone Soup version 0.18.1-6-gd335043 (webtiles) character file.

1982 epen the Slasher (level 9, -5/71 (74) HPs)
             Began as a Demonspawn Fighter on May 15, 2016.
             Was a Believer of Okawaru.
             Slain by an ogre
             ... wielding a +0 giant club
              (23 damage)
             ... on level 5 of the Dungeon.
             The game lasted 00:09:05 (5122 turns).

epen the Slasher (Demonspawn Fighter)               Turns: 5122, Time: 00:09:05

HP:   -5/71 (74)    AC: 16    Str: 19    XL:     9   Next: 1%
MP:   9/9           EV:  9    Int: 11    God:    Okawaru [**....]
Gold: 300           SH:  0    Dex: 12    Spells: 0 memorised, 8 levels left

rFire  . . .     SeeInvis +     a - +0 long sword
rCold  + . .     Gourm    .     s - +0 chain mail
rNeg   . . .     Faith    .     (no shield)
rPois  +         Spirit   .     u - +0 helmet
rElec  .         Dismiss  .     (no cloak)
rCorr  .         Reflect  .     h - +1 pair of gloves
SustAt .         Harm     .     (no boots)
MR     .....                    (no amulet)
Stlth  ..........               k - ring of see invisible
                                e - ring of poison resistance

@: not resistant to hostile enchantments, extremely unstealthy
A: claws 1, molten scales 2, cold resistance 1, demonic guardian 1, robust 1,
freezing cloud immunity
a: Heroism, Renounce Religion


You were on level 5 of the Dungeon.
You worshipped Okawaru.
Okawaru was pleased with you.
You were not hungry.

You visited 1 branch of the dungeon, and saw 5 of its levels.

You collected 300 gold pieces.

Inventory:

Hand Weapons
 a - a +0 long sword (weapon)
Armour
 b - a +0 scale mail
 c - a +0 shield
 h - a +1 pair of gloves (worn)
 s - a +0 chain mail (worn)
 u - a +0 helmet (worn)
Jewellery
 e - a ring of poison resistance (left hand)
 k - a ring of see invisible (right hand)
 p - an uncursed ring of positive energy {unknown}
 q - an uncursed ring of protection from fire
Wands
 i - a wand of digging (9/24)
 z - a wand of random effects (23/48)
Scrolls
 l - 2 scrolls of fear {unknown}
 o - a scroll of identify
 r - a scroll of enchant armour {unknown}
 v - a scroll of enchant weapon {unknown}
 y - a scroll of random uselessness {unknown}
Potions
 d - 3 potions of might
 g - 3 potions of flight {unknown}
 j - a potion of lignification
 m - a potion of invisibility {unknown}
 n - a potion of curing
 t - a potion of cure mutation {unknown}
 w - a potion of resistance {unknown}
 C - a potion of mutation {unknown}
Comestibles
 f - 5 bread rations
 x - 11 fruits
 A - a meat ration


   Skills:
 + Level 5.5 Fighting
 * Level 6.5 Long Blades
 + Level 5.1 Armour
 * Level 6.0 Dodging
 - Level 2.6 Shields


You had 8 spell levels left.
You didn't know any spells.

Dungeon Overview and Level Annotations

Branches:
Dungeon (5/15)
 Temple: D:4-7

Altars:
Makhleb
Nemelex Xobeh
Okawaru
Pakellas
Qazlal
Vehumet
Xom


Innate Abilities, Weirdness & Mutations

You have sharp fingernails.
You are mostly covered in molten scales (AC +3, EV -1).
Your flesh is cold resistant.
A weak demonic guardian rushes to your aid.
You are robust (+10% HP).
You are immune to freezing clouds.


Message History

The worker ant bites you but does no damage.
Your iron imp hits the worker ant but does no damage.
Unknown command.
You are too injured to fight recklessly!
You are too injured to fight recklessly!
You hit the worker ant but do no damage.
The worker ant is severely wounded.
The worker ant waves its antennae.
The worker ant bites you but does no damage.
Your iron imp misses the worker ant.
You hit the worker ant but do no damage.
The worker ant is severely wounded.
The worker ant bites you but does no damage.
Your iron imp hits the worker ant!
The worker ant dies!
Okawaru accepts your kill.
You slash the ogre!
The ogre is moderately wounded.
The ogre hits you with a giant club!!
You die...

#.###.##..##.#. <.
#..# ....#... ##.#
...... #.# ##.....#
..####.####..#...
#...........###.# #
######.###....#.##.#
#.###.##..5O..#
#.##..###.@#...#
#.#..####.###.a....
####...####...........
#..... #......#
#..#.####..... #.....
#..[...###.##.#
#.....#.....
#......##.....#
.....#.....
#####......####
..........
#####.###..# .....<
#..<..# #.## ##....


You could see an ogre and a friendly iron imp.

Vanquished Creatures
  Pikel (D:4)
  Grinder (D:3)
  Eustachio (D:4)
  A necrophage (D:5)
  An ogre (D:4)
  A centaur (D:5)
  2 howler monkeys (D:4)
  A jelly (D:5)
  A crimson imp (D:5)
  A quasit (D:5)
  2 orc priests
  Ijyb (D:2)
  Natasha (thrice) (D:2)
  3 worker ants
  A hound skeleton (D:4)
  Robin (D:3)
  3 gnolls (D:5)
  4 adders
  3 river rats (D:3)
  An ooze (D:4)
  An adder skeleton (D:4)
  4 worms
  A dart slug (D:1)
  3 giant geckos
  10 orcs
  4 giant cockroaches
  15 goblins
  2 hobgoblins
  7 kobolds
  2 quokkas
  5 ball pythons
  6 bats
  10 giant newts
  12 rats
115 creatures vanquished.

Vanquished Creatures (collateral kills)
  The ghost of Heskey the Poker, an amateur MfGl of Okawaru (D:5)
  Sigmund (D:3)
  An ogre (D:5)
  A slave (D:4)
  An orc wizard (D:5)
  2 worker ants
  An adder (D:5)
  2 orcs (D:5)
  A hobgoblin (D:3)
  A kobold (D:3)
12 creatures vanquished.

Grand Total: 127 creatures vanquished

Notes
Turn   | Place    | Note
--------------------------------------------------------------
     0 | D:1      | epen the Demonspawn Fighter began the quest for the Orb.
     0 | D:1      | Reached XP level 1. HP: 18/18 MP: 1/1
   174 | D:1      | Gained mutation: A weak demonic guardian rushes to your aid. [demonic ancestry]
   174 | D:1      | Reached XP level 2. HP: 18/24 MP: 2/2
   730 | D:2      | Noticed Natasha
   736 | D:2      | Killed Natasha
   736 | D:2      | Reached skill level 1 in Dodging
   736 | D:2      | Gained mutation: You are partially covered in molten scales (AC +1). [demonic ancestry]
   736 | D:2      | Reached XP level 3. HP: 21/29 MP: 3/3
   984 | D:2      | Noticed Natasha
   992 | D:2      | Killed Natasha
  1095 | D:2      | Noticed Ijyb
  1117 | D:2      | Killed Ijyb
  1117 | D:2      | Gained mutation: Your flesh is cold resistant. [demonic ancestry]
  1117 | D:2      | Reached XP level 4. HP: 32/35 MP: 4/4
  1379 | D:2      | Noticed Natasha
  1390 | D:2      | Killed Natasha
  1595 | D:2      | Found a stormy altar of Qazlal.
  1799 | D:2      | Found a radiant altar of Vehumet.
  1853 | D:2      | Found an oddly glowing altar of Pakellas.
  1993 | D:3      | Gained mutation: You have sharp fingernails. [demonic ancestry]
  1993 | D:3      | Reached XP level 5. HP: 39/41 MP: 5/5
  2143 | D:3      | Noticed Robin
  2175 | D:3      | Killed Robin
  2250 | D:3      | Noticed Sigmund
  2264 | D:3      | Killed Sigmund
  2264 | D:3      | Gained mutation: You are mostly covered in molten scales (AC +3, EV -1). [demonic ancestry]
  2264 | D:3      | Reached XP level 6. HP: 32/48 MP: 6/6
  2565 | D:3      | Noticed Grinder
  2580 | D:3      | Killed Grinder
  3414 | D:4      | Noticed Eustachio
  3463 | D:4      | Killed Eustachio
  3463 | D:4      | Gained mutation: You are immune to freezing clouds. [demonic ancestry]
  3463 | D:4      | Reached XP level 7. HP: 37/54 MP: 7/7
  3557 | D:4      | Found a sparkling altar of Nemelex Xobeh.
  3557 | D:4      | Found an iron altar of Okawaru.
  3563 | D:4      | Became a worshipper of Warmaster Okawaru
  3608 | D:4      | Found a burning altar of Makhleb.
  3983 | D:4      | Found a shimmering altar of Xom.
  4010 | D:4      | Noticed Pikel
  4027 | D:4      | Killed Pikel
  4027 | D:4      | Reached * piety under Okawaru
  4027 | D:4      | Reached skill level 5 in Long Blades
  4027 | D:4      | Gained mutation: You are robust (+10% HP). [demonic ancestry]
  4027 | D:4      | Reached XP level 8. HP: 44/67 MP: 8/8
  4238 | D:4      | Reached skill level 5 in Fighting
  4238 | D:4      | Reached skill level 5 in Dodging
  4336 | D:5      | Entered Level 5 of the Dungeon
  4778 | D:5      | Reached skill level 5 in Armour
  4804 | D:5      | Reached ** piety under Okawaru
  5075 | D:5      | Noticed Heskey's ghost (amateur MfGl)
  5112 | D:5      | Killed Heskey's ghost
  5114 | D:5      | Reached XP level 9. HP: 18/71 MP: 9/9
  5122 | D:5      | Slain by an ogre

Skill      XL: |  1  2  3  4  5  6  7  8 |
---------------+-------------------------+-----
Long Blades    | 2 3 4 5 6 |  6.5
Dodging        | 1 2 3 4 6 |  6.0
Armour         | 3 4 5 |  5.1
Fighting       | 4 5 |  5.5
Shields        | |  2.6

Action                   |  1- 3 |  4- 6 |  7- 9 || total
-------------------------+-------+-------+-------++-------
Melee: Long sword        |    82 |   229 |   252 ||   563
       Unarmed           |       |    13 |       ||    13
  Use: Scroll            |       |     6 |       ||     6
       Potion            |       |     2 |       ||     2
 Stab: Distracted        |       |     1 |     2 ||     3
  Eat: Chunk             |     1 |     4 |     4 ||     9
       Meat ration       |       |     1 |       ||     1
Armor: Scale mail        |    55 |   113 |       ||   168
       Chain mail        |       |    42 |   171 ||   213
       Skin              |       |     8 |       ||     8
Dodge: Dodged            |    42 |   139 |   125 ||   306
